 Dungeon Crawl Stone Soup version 0.21.1-1-g345015f (webtiles) character file.

209 Mirai the Shield-Bearer (level 5, -11/41 HPs)
             Began as a Demonspawn Fighter on Mar 7, 2018.
             Mangled by homeworkjunkie's ghost (14 damage)
             ... on level 3 of the Dungeon.
             The game lasted 00:04:44 (1934 turns).

Mirai the Shield-Bearer (Demonspawn Fighter)        Turns: 1934, Time: 00:04:45

Health: -11/41     AC: 14    Str: 17    XL:     5   Next: 55%
Magic:  5/5        EV:  7    Int:  9    God:
Gold:   132        SH:  9    Dex: 13    Spells: 4/4 levels left

rFire    . . .     SeeInvis .   a - +0 war axe
rCold    . . .     Gourm    .   c - +0 shield
rNeg     . . .     Faith    .   b - +0 scale mail
rPois    .         Spirit   .   g - +2 hat
rElec    .         Reflect  .   (no cloak)
rCorr    +         Harm     .   (no gloves)
MR       .....                  (no boots)
Stlth    ..........             (no amulet)
HPRegen  0.13/turn              u - ring of resist corrosion
MPRegen  0.09/turn              (no ring)

@: no status effects
A: iridescent scales 3
a: no special abilities


You were on level 3 of the Dungeon.
You were not hungry.

You visited 1 branch of the dungeon, and saw 3 of its levels.

You collected 132 gold pieces.

Inventory:

Hand Weapons
 a - a +0 war axe (weapon)
Armour
 b - a +0 scale mail (worn)
 c - a +0 shield (worn)
 g - a +2 hat (worn)
 p - a +2 robe
Jewellery
 u - a ring of resist corrosion (left hand)
Wands
 o - a wand of flame (24)
Scrolls
 d - 2 scrolls of remove curse {unknown}
 e - 2 scrolls of identify {unknown}
 i - 2 scrolls of blinking {unknown}
 j - 4 scrolls of enchant weapon {unknown}
 m - a scroll of teleportation {unknown}
 n - a scroll of noise {unknown}
 s - a scroll of fear {unknown}
 t - a scroll of immolation {unknown}
Potions
 k - a potion of resistance {unknown}
 l - 2 potions of heal wounds {unknown}
 q - 3 potions of agility {unknown}
 r - a potion of curing {unknown}
Comestibles
 f - 5 rations
 h - 2 chunks of flesh


   Skills:
 + Level 3.5 Fighting
 + Level 3.6 Axes
 + Level 3.4 Armour
 + Level 3.8 Shields


You had 4 spell levels left.
You didn't know any spells.

Dungeon Overview and Level Annotations

Branches:
Dungeon (3/15)

Altars:
Gozag
Nemelex Xobeh

Shops:
D:3 *

Annotations:
D:3 homeworkjunkie's ghost, amateur HOFi


Innate Abilities, Weirdness & Mutations

You are completely covered in iridescent scales. (AC +6)


Message History

* * * LOW HITPOINT WARNING * * *
The gnoll hits you but does no damage.
You barely miss the gnoll. You barely miss homeworkjunkie's ghost.
Homeworkjunkie's ghost hits you.
* * * LOW HITPOINT WARNING * * *
You block the gnoll's attack.
Homeworkjunkie's ghost hits you but does no damage.
You hit the gnoll.
The gnoll is moderately wounded.
You barely miss homeworkjunkie's ghost. You block the gnoll's attack.
Homeworkjunkie's ghost hits you but does no damage.
Unknown command.
The gnoll hits you but does no damage.
You see here a halberd.
You see here a spear.
Found 13 stones.
Okay, then.
Okay, then.
Homeworkjunkie's ghost hits you!
You die...

###............<.#
...........>.##.##
#######.#.#..##.# ##
#.#.#..##.#####.## .#
#.#.#..##......... .#
.......##.#######. .##
.#.#.###.### ..# #
#.#.......#####.#
#.####.
#.#.)†..@.......#
#.#.....#.#.#####W######
#.# #.....)#####.g..#
#.. #......)...####.#
##. ##.#.#####.####.# +
.. #.#.# #......(# # #.
#.#.# #..###### # # #.#
#..# # #.# #..#


You could see homeworkjunkie's ghost and a gnoll.

Vanquished Creatures
  A crimson imp (D:3)
  Jessica (D:3)
  Terence (D:2)
  3 gnolls (D:3)
  5 adders
  2 dart slugs
  A leopard gecko (D:3)
  An orc (D:3)
  A ball python (D:3)
  3 giant cockroaches
  4 goblins
  6 hobgoblins
  2 quokkas (D:2)
  4 bats
  4 frilled lizards
  6 kobolds
  7 rats
52 creatures vanquished.

Notes
Turn   | Place    | Note
-------+----------+-------------------------------------------
     0 | D:1      | Mirai the Demonspawn Fighter began the quest for the Orb.
     0 | D:1      | Reached XP level 1. HP: 18/18 MP: 1/1
   330 | D:1      | Gained mutation: You are partially covered in iridescent scales. (AC +2) [demonic ancestry]
   330 | D:1      | Reached XP level 2. HP: 24/24 MP: 2/2
  1062 | D:2      | Found a sparkling altar of Nemelex Xobeh.
  1126 | D:2      | Noticed Terence
  1134 | D:2      | Gained mutation: You are mostly covered in iridescent scales. (AC +4) [demonic ancestry]
  1134 | D:2      | Reached XP level 3. HP: 20/29 MP: 3/3
  1139 | D:2      | Killed Terence
  1146 | D:2      | Gained mutation: You are completely covered in iridescent scales. (AC +6) [demonic ancestry]
  1146 | D:2      | Reached XP level 4. HP: 18/35 MP: 4/4
  1503 | D:3      | Found an opulent altar of Gozag.
  1506 | D:3      | Found Gozag's Platinum Reserve.
  1574 | D:3      | Found a faded altar of an unknown god.
  1623 | D:3      | Noticed Jessica
  1627 | D:3      | Reached XP level 5. HP: 41/41 MP: 5/5
  1646 | D:3      | Killed Jessica
  1914 | D:3      | Noticed homeworkjunkie's ghost (amateur HOFi)
  1918 | D:3      | HP: 1/41 [homeworkjunkie's ghost (4)]
  1934 | D:3      | Mangled by homeworkjunkie's ghost

Skill      XL: |  1  2  3  4 |
---------------+-------------+-----
Shields        | 3 |  3.8
Axes           | 2 3 |  3.6
Armour         | 3 |  3.4
Fighting       | |  3.5

Action                   |  1- 3 |  4- 6 || total
-------------------------+-------+-------++-------
Melee: War axe           |    87 |   111 ||   198
  Use: Potion            |     1 |       ||     1
  Eat: Chunk             |     1 |     3 ||     4
Armor: Scale mail        |    79 |    69 ||   148
Dodge: Dodged            |    41 |    33 ||    74
Block: Shield            |    63 |    69 ||   132
